 Dungeon Crawl Stone Soup version 0.27-a0-412-g8dd771eca2 (webtiles) character file.

Game seed: 11821359875451724375

13449 hellse the Thaumaturge (level 11, -1/61 HPs)
             Began as a Deep Elf Conjurer on Feb 23, 2021.
             Was a High Priest of Vehumet.
             Slain by a boulder beetle (62 damage)
             ... on level 11 of the Dungeon.
             The game lasted 00:26:48 (12680 turns).

hellse the Thaumaturge (Deep Elf Conjurer)         Turns: 12680, Time: 00:26:48

Health: -1/61      AC:  8    Str:  4    XL:     11   Next: 75%
Magic:  21/28      EV: 16    Int: 33    God:    Vehumet [*****.]
Gold:   403        SH:  5    Dex: 13    Spells: 11/33 levels left

rFire    . . .     SeeInvis +   J - staff of conjuration
rCold    + . .     Faith    .   (no shield)
rNeg     . . .     Spirit   .   Q - +2 robe {rC+}
rPois    +         Reflect  +   y - +1 helmet {SInv}
rElec    .         Harm     .   F - +0 cloak
rCorr    .         Rampage  .   l - +0 pair of gloves
Will     +....                  (no boots)
Stlth    ++........             j - amulet of reflection
HPRegen  0.20/turn              s - +6 ring of intelligence
MPRegen  0.21/turn              K - ring of poison resistance

@: radiating poison
A: no striking features
a: Renounce Religion


You were on level 11 of the Dungeon.
You worshipped Vehumet.
Vehumet was extremely pleased with you.
You visited 1 branch of the dungeon, and saw 12 of its levels.
You also visited: Bailey.

You collected 675 gold pieces.
You spent 272 gold pieces at shops.

Inventory:

Hand Weapons
 g - a +0 short sword
 q - a +0 mace of protection
 u - a +1 mace of holy wrath
 w - a +1 whip of electrocution
Armour
 l - a +0 pair of gloves (worn)
 y - a +1 helmet of see invisible (worn)
 F - a +0 cloak (worn)
 G - +0 acid dragon scales
 Q - a +2 robe of cold resistance (worn)
Magical Staves
 J - a staff of conjuration (weapon)
Jewellery
 j - an amulet of reflection (around neck)
 s - a +6 ring of intelligence (left hand)
 K - a ring of poison resistance (right hand)
 M - a +4 ring of slaying
 P - a ring of ice
Wands
 x - a wand of paralysis (15)
 E - a wand of random effects (7)
Scrolls
 d - 6 scrolls of teleportation
 h - a scroll of magic mapping
 k - 5 scrolls of enchant armour
 m - 3 scrolls of immolation {unknown}
 n - 2 scrolls of blinking
 t - 3 scrolls of fog
 v - 3 scrolls of amnesia {unknown}
 H - a scroll of random uselessness {unknown}
 I - 4 scrolls of enchant weapon {unknown}
 L - a scroll of silence {unknown}
Potions
 b - 4 potions of lignification
 c - 3 potions of curing
 e - 4 potions of attraction {unknown}
 f - a potion of degeneration
 i - a potion of mutation {unknown}
 o - a potion of magic {unknown}
 p - a potion of haste
 r - 2 potions of ambrosia {unknown}
 z - a potion of berserk rage {unknown}
 A - a potion of invisibility {unknown}
 B - a potion of might {unknown}
 C - 2 potions of heal wounds {unknown}
 D - a potion of flight {unknown}
 N - a potion of brilliance {unknown}
Miscellaneous
 O - a phial of floods


   Skills:
 - Level 4.1 Fighting
 - Level 2.7 Armour
 - Level 7.3 Dodging
 - Level 2.4 Stealth
 - Level 11.6 Spellcasting
 - Level 10.4 Conjurations
 - Level 3.2 Translocations
 + Level 10.7 Fire Magic
 - Level 6.1 Poison Magic


You had 11 spell levels left.
You knew the following spells:

 Your Spells              Type           Power        Failure   Level
a - Magic Dart            Conj           100%         1%          1
b - Searing Ray           Conj           100%         1%          2
c - Iskenderun's Mystic   Conj/Tloc      77%          1%          4
d - Animate Skeleton      Necr           38%          2%          1
e - Olgreb's Toxic Radia  Pois           56%          1%          4
f - Ignition              Fire           37%          41%         8
g - Blink                 Tloc           N/A          1%          2

Your spell library contained the following spells:

 Spells                   Type           Power        Failure   Level
 Yara's Violent Unravell  Hex/Tmut       9%           17%         5
 Apportation              Tloc           80%          1%          1
 Conjure Flame            Conj/Fire      94%          1%          3
 Dazzling Flash           Conj/Hex       100%         1%          3
 Inner Flame              Hex/Fire       53%          1%          3
 Mephitic Cloud           Conj/Pois/Air  70%          1%          3
 Fulminant Prism          Conj/Hex       34%          1%          4
 Corona                   Hex            21%          2%          1
 Summon Small Mammal      Summ           76%          2%          1
 Call Imp                 Summ           19%          3%          2
 Corpse Rot               Necr/Air       N/A          3%          2
 Slow                     Hex            19%          3%          2
 Sublimation of Blood     Necr           9%           3%          2
 Vampiric Draining        Necr           9%           8%          3


Dungeon Overview and Level Annotations

Branches:
Dungeon (12/15)            Temple (0/1) D:7            Lair (0/6) D:9
    Orc (0/2) D:10         Bailey (visited)

Altars:
Ashenzari
Elyvilon
Fedhas
Nemelex Xobeh
Qazlal
Ru
Uskayaw
Vehumet
Xom
The Shining One

Shops:
D:5 [   D:6 *   D:11 =(

Annotations:
D:7 2 transporters, exclusion: oklob plant, gimp's ghost, novice FeFE


Message History

The boulder beetle is knocked back by the mystic blast.
The mystic blast hits the orc wizard!
You kill the orc wizard!
Vehumet accepts your kill.
You feel your power returning.
Unknown command.
Unknown command.
The boulder beetle curls into a ball and begins rolling!
There is a stone staircase leading down here.
You climb downwards.
There is a stone staircase leading up here.
You start resting.
HP restored.
You start resting.
Magic restored.
You climb upwards.
The orc closely misses you.
The boulder beetle curls into a ball and begins rolling!
There is a stone staircase leading down here.
Unknown command.
Casting: Iskenderun's Mystic Blast (safe; 1% risk of failure)
Confirm with . or Enter, or press ? or * to list all spells.
You feel a surge of power!
You erupt in a blast of force!
The mystic blast hits the orc!!
You kill the orc!
Vehumet accepts your kill.
You feel your power returning.
Unknown command.
Unknown command.
Press: ? - help, v - describe, . - travel
Here: a boulder beetle A stone staircase leading down.
Placed new exclusion.
Unknown command.
Unknown command.
Casting: Iskenderun's Mystic Blast (safe; 1% risk of failure)
Confirm with . or Enter, or press ? or * to list all spells.
You begin to radiate toxic energy.
The boulder beetle is poisoned.
The boulder beetle hits you!!!
Ouch! That really hurt!
You die...

#.# #°#
####.# #.#
#.##)...o#
#.#
#°#.)[##
#.#
#.○.#..#
#.#
###°.[.#
#.# ##°#.#
#.# #○# #
#.# #B#
#.# #@#
#.# #.#
#.# ...
##.# .....
##..#
##.).##
..∩.#
##.##
##### ...
.#.


You could see a boulder beetle (poisoned).

Vanquished Creatures
  An orc warlord (Bailey)
  Fannar (D:11)
  A hydra (D:11)
  A two-headed ogre (D:8)
  An unseen horror (D:11)
  A cyclops (D:11)
  Maurice (D:8)
  A gargoyle (D:11)
  Maggie (D:8)
  A troll (D:10)
  Prince Ribbit (D:9)
  2 wraiths (D:10)
  10 yaks
  2 wyverns (D:9)
  A warg (D:10)
  3 water moccasins (D:9)
  5 orc warriors
  2 sky beasts (D:7)
  6 ice beasts
  An eye of draining (D:10)
  4 ogres
  10 centaurs
  3 phantoms
  Blork the orc (D:5)
  6 bullfrogs
  A wyvern zombie (D:9)
  5 scorpions
  12 killer bees
  4 wights
  A crimson imp (D:6)
  A bullfrog zombie (D:7)
  A centaur zombie (D:7)
  5 hounds
  3 jellies
  9 orc priests
  A bullfrog skeleton (D:10)
  18 orc wizards
  5 worker ants
  A killer bee zombie (D:10)
  A hound zombie (D:6)
  A hound skeleton (D:4)
  2 howler monkey zombies
  4 gnolls (D:5)
  A howler monkey skeleton (D:9)
  10 adders
  A white imp (D:6)
  An ufetubus (D:5)
  2 oozes
  3 adder zombies
  2 adder skeletons
  4 worms
  A dart slug (D:3)
  4 leopard geckos
  57 orcs
  4 bats
  2 giant cockroaches
  11 goblins
  11 hobgoblins
  2 jackals (D:2)
  2 quokkas
  A ball python (D:5)
  4 frilled lizards
  A goblin skeleton (D:6)
  A goblin zombie (D:6)
  5 hobgoblin zombies (D:6)
  22 kobolds
  A kobold zombie (D:6)
  A leopard gecko skeleton (D:7)
  An orc skeleton (D:6)
  3 orc zombies (D:6)
  7 rats
307 creatures vanquished.

Vanquished Creatures (others)
  2 fungi (D:9)
  19 plants (D:9)
21 creatures vanquished.

Grand Total: 328 creatures vanquished

Notes
Turn   | Place    | Note
-------+----------+-------------------------------------------
     0 | D:1      | hellse the Deep Elf Conjurer began the quest for the Orb.
     0 | D:1      | Reached XP level 1. HP: 10/10 MP: 6/6
   532 | D:1      | Reached XP level 2. HP: 15/15 MP: 6/8
   651 | D:1      | Reached skill level 5 in Conjurations
   836 | D:2      | Found a stormy altar of Qazlal.
   866 | D:2      | Learned a level 2 spell: Searing Ray
  1107 | D:2      | Reached XP level 3. HP: 19/19 MP: 7/10
  1138 | D:2      | Reached skill level 4 in Spellcasting
  1967 | D:3      | Found a blossoming altar of Fedhas.
  2095 | D:3      | Reached skill level 5 in Spellcasting
  2095 | D:3      | Reached XP level 4. HP: 24/24 MP: 9/13
  2613 | D:3      | Reached skill level 6 in Spellcasting
  2852 | D:3      | Learned a level 4 spell: Iskenderun's Mystic Blast
  3047 | D:4      | Reached XP level 5. HP: 25/28 MP: 15/15
  3080 | D:3      | Reached skill level 7 in Spellcasting
  3218 | D:4      | Found a radiant altar of Vehumet.
  3225 | D:4      | Found a broken altar of Ashenzari.
  3230 | D:4      | Found a white marble altar of Elyvilon.
  3262 | D:4      | Noticed a phantom
  3291 | D:4      | Became a worshipper of Vehumet
  3297 | D:4      | Killed a phantom
  3298 | D:4      | Reached XP level 6. HP: 32/32 MP: 10/18
  3527 | D:4      | Reached skill level 1 in Fighting
  3716 | D:4      | Found a blossoming altar of Fedhas.
  3722 | D:4      | Found a shimmering altar of Xom.
  3725 | D:4      | Found a sacrificial altar of Ru.
  3727 | D:4      | Found a hide-covered altar of Uskayaw.
  3993 | D:5      | Entered Level 5 of the Dungeon
  4028 | D:4      | Reached XP level 7. HP: 36/41 MP: 2/20
  4279 | D:5      | Noticed Blork the orc
  4286 | D:5      | Killed Blork the orc
  4286 | D:5      | Reached * piety under Vehumet
  4286 | D:5      | Offered knowledge of Freeze by Vehumet.
  4400 | D:5      | Found Beduec's Armour Shop.
  5077 | D:5      | Bought a +1 helmet of see invisible for 214 gold pieces
  5408 | D:6      | Found a glowing golden altar of the Shining One.
  5412 | D:6      | Reached XP level 8. HP: 48/48 MP: 18/21
  5507 | D:6      | Found Ligribb's Assorted Antiques.
  5523 | D:6      | Bought a black potion for 29 gold pieces
  5523 | D:6      | Bought a green potion for 29 gold pieces
  5653 | D:6      | Reached skill level 8 in Spellcasting
  5831 | D:6      | Found a sparkling altar of Nemelex Xobeh.
  6081 | D:7      | Reached skill level 9 in Spellcasting
  6187 | D:7      | Reached ** piety under Vehumet
  6205 | D:7      | Offered knowledge of Shock by Vehumet.
  6283 | D:7      | Noticed gimp's ghost (novice FeFE)
  6284 | D:7      | Found a transporter.
  6297 | D:7      | Noticed an oklob plant
  6309 | D:7      | Reached skill level 10 in Spellcasting
  6381 | D:7      | Found a transporter.
  6381 | D:7      | Identified the +11 dagger "Yrupp" {vorpal, rElec rC- Str+8
                  | Int-3}
  7049 | D:7      | Found a staircase to the Ecumenical Temple.
  7262 | D:8      | Reached XP level 9. HP: 52/52 MP: 21/25
  7392 | D:8      | Noticed Maurice
  7403 | D:8      | Killed Maurice
  7633 | D:8      | Offered knowledge of Frozen Ramparts by Vehumet.
  7747 | D:8      | Noticed Maggie
  7757 | D:8      | Killed Maggie
  7900 | D:8      | Noticed a two-headed ogre
  7911 | D:8      | Killed a two-headed ogre
  7911 | D:8      | Reached *** piety under Vehumet
  7912 | D:8      | Reached skill level 11 in Spellcasting
  7912 | D:8      | Reached skill level 10 in Conjurations
  8347 | D:9      | Noticed Prince Ribbit
  8352 | D:9      | Killed Prince Ribbit
  8353 | D:9      | Reached skill level 5 in Dodging
  8356 | D:9      | Reached XP level 10. HP: 56/56 MP: 19/27
  8522 | D:9      | Found a flagged portal.
  8554 | Bailey   | Entered a bailey
  8557 | Bailey   | Learned a level 1 spell: Animate Skeleton
  8561 | Bailey   | Offered knowledge of Olgreb's Toxic Radiance by Vehumet.
  8580 | Bailey   | Learned a level 4 spell: Olgreb's Toxic Radiance
  8581 | Bailey   | Noticed an orc warlord
  8620 | Bailey   | Reached skill level 1 in Poison Magic
  8741 | Bailey   | Found a runed translucent gate.
  8744 | Bailey   | Found a runed translucent gate.
  8746 | Bailey   | Found a runed translucent gate.
  9200 | Bailey   | Killed an orc warlord
  9366 | Bailey   | Identified 2 scrolls of acquirement
  9367 | Bailey   | Acquired a staff of conjuration
  9368 | Bailey   | Acquired the Almanac of Evil Secrets and the Blaze
  9379 | Bailey   | Learned a level 8 spell: Ignition
  9413 | D:9      | Reached **** piety under Vehumet
  9502 | D:9      | Reached skill level 1 in Fire Magic
  9593 | D:9      | Found a staircase to the Lair.
  9623 | D:9      | Reached skill level 5 in Fire Magic
  9811 | D:9      | Offered knowledge of Ignite Poison by Vehumet.
 10263 | D:9      | Reached XP level 11. HP: 61/61 MP: 21/28
 10376 | D:10     | Entered Level 10 of the Dungeon
 10739 | D:10     | Reached ***** piety under Vehumet
 10741 | D:10     | Offered knowledge of Yara's Violent Unravelling by Vehumet.
 11385 | D:10     | Found a staircase to the Orcish Mines.
 11840 | D:11     | Reached skill level 1 in Armour
 12082 | D:11     | Learned a level 2 spell: Blink
 12130 | D:11     | Found Adiyh's Weapon Boutique.
 12150 | D:11     | Noticed a six-headed hydra
 12158 | D:11     | Killed a six-headed hydra
 12283 | D:11     | Found Uwuaneo's Jewellery Boutique.
 12349 | D:11     | Noticed Fannar
 12356 | D:11     | Killed Fannar
 12357 | D:11     | Reached skill level 10 in Fire Magic
 12559 | D:11     | Noticed an unseen horror
 12568 | D:11     | Noticed a boulder beetle
 12569 | D:11     | Killed an unseen horror
 12680 | D:11     | Slain by a boulder beetle

Illustrated notes

Levels and vault maps discovered:
D:1:      dpeg_arrival_boxes_within_box, layout_basic
D:2:      layout_loops_ring, nicolae_overflow_crystal_walls
D:3:      layout_basic, fedhas_altar_fruit_tree
D:4:      layout_rooms, minitemple, minmay_overflow_temple_star_quad,
          grunt_decor_clamped, kennysheep_generic_room_2
D:5:      layout_rooms, serial_shops, kennysheep_little_box, uniq_blork_the_orc
D:6:      layout_cave_pools, lemuel_round_altar, serial_shops, shop,
          nicolae_tso_besieged_by_evil
D:7:      layout_loops_ring, minmay_temple_entry_mini_moons, nzn_ghost_randoct
D:8:      layout_loops_ring, kennysheep_small_square, uniq_maggie, uniq_maurice
D:9:      layout_basic, minmay_lair_entry_grove, enter_bailey_1,
          minmay_misc_feat_roman, kennysheep_crisscross, uniq_prince_ribbit1
D:10:     layout_roguey, erik_orc_4, serial_glass, glass_columns_c,
          glass_columns_a, lemuel_another_geyser
D:11:     layout_loops_ring, serial_shops, nicolae_shop_crystal, shop, shop,
          uniq_fannar
D:12:     layout_roguey

Skill      XL: |  1  2  3  4  5  6  7  8  9 10 11 |
---------------+----------------------------------+-----
Conjurations   | 5 6 7 10 | 10.4
Spellcasting   | 5 6 7 10 11 | 11.6
Fighting       | 3 4 |  4.1
Dodging        | 4 5 7 |  7.3
Translocations | 3 |  3.2
Poison Magic   | 6 |  6.1
Fire Magic     | 6 10 | 10.7
Armour         | 2 |  2.7
Stealth        | |  2.4

Action                   |  1- 3 |  4- 6 |  7- 9 | 10-12 || total
-------------------------+-------+-------+-------+-------++-------
Melee: Mace              |       |    59 |       |       ||    59
       Whip              |       |       |    27 |    37 ||    64
       Staff             |       |       |       |     2 ||     2
 Cast: Magic Dart        |    65 |    48 |   128 |    51 ||   292
       Searing Ray       |       |    12 |    37 |    22 ||    71
       Iskenderun's Myst |       |       |     4 |   102 ||   106
       Olgreb's Toxic Ra |       |       |       |    20 ||    20
Evoke: Wand              |       |       |     1 |       ||     1
  Use: Scroll            |       |       |     5 |     9 ||    14
 Stab: Sleeping          |       |     1 |     1 |       ||     2
Armor: Robe              |     1 |    18 |     9 |     1 ||    29
       Acid dragon scale |       |       |     4 |    24 ||    28
Dodge: Dodged            |     3 |    32 |    50 |    61 ||   146
Block: Other             |       |    17 |    22 |    22 ||    61
       Reflection        |       |       |     4 |     1 ||     5

Table legend: (Time is in decaauts)
 A = Elapsed time spent in this place.
 B = Non-inter-level travel time spent in this place.
 C = Inter-level travel time spent in this place.
 D = Time resting spent in this place.
 E = Time spent auto-exploring this place.
 F = Levels seen in this place.
 G = Mean time per level.
                   A        B        C        D        E       F      G
               +--------+--------+--------+--------+--------+-----+--------+
         Total |  12710 |  12226 |    484 |   3324 |   6891 |  13 |  977.7 |
       Dungeon |  11875 |  11391 |    484 |   3206 |   6595 |  12 |  989.6 |
        Bailey |    834 |    834 |      0 |    118 |    296 |   1 |  834.0 |
               +--------+--------+--------+--------+--------+-----+--------+

Top non-repeatable levels by time:
     D:3: 1531 daAuts
     D:9: 1372 daAuts
    D:10: 1232 daAuts
     D:7: 1181 daAuts
     D:8: 1064 daAuts
     D:5: 1003 daAuts
     D:4: 965 daAuts
     D:6: 949 daAuts
    D:11: 835 daAuts
  Bailey: 834 daAuts
     D:2: 823 daAuts
     D:1: 823 daAuts
    D:12: 92 daAuts
